 Dungeon Crawl Stone Soup version 0.28-a0-2-g643f2454ad (webtiles) character file.

Game seed: 14337511015443632756

4115 quinnr the Zephyrmancer (level 10, 0/59 HPs)
             Began as a Tengu Air Elementalist on July 22, 2021.
             Was an Initiate of Vehumet.
             Killed by vampiric draining
             ... invoked by a vampire
              (15 damage)
             ... on level 9 of the Dungeon.
             The game lasted 00:27:55 (14611 turns).

quinnr the Zephyrmancer (Tengu Air Elementalist)   Turns: 14611, Time: 00:27:56

Health: 0/59       AC:  7    Str:  9    XL:     10   Next: 26%
Magic:  2/18       EV: 16    Int: 25    God:    Vehumet [......]
Gold:   35         SH:  0    Dex: 14    Spells: 11/19 levels left

rFire   . . .      SeeInvis .   f - staff of poison
rCold   . . .      Faith    .   (no shield)
rNeg    . . .      Spirit   .   a - +1 robe
rPois   +          Reflect  .   (helmet restricted)
rElec   .          Harm     .   (no cloak)
rCorr   .          Rampage  .   (no gloves)
Will    .....                   (boots unavailable)
Stlth   +++.......              (no amulet)
HPRegen 0.19/turn               g - +4 ring of protection
MPRegen 0.16/turn               t - +6 ring of intelligence

@: flying quickly and evasively, quick
A: beak, talons 3, nimble flight
a: Renounce Religion


You were on level 9 of the Dungeon.
You worshipped Vehumet.
Vehumet was noncommittal.
You visited 2 branches of the dungeon, and saw 10 of its levels.
You also visited: Sewer.

You collected 337 gold pieces.
You spent 302 gold pieces at shops.

Inventory:

Hand Weapons
 G - a +6 flail of draining
 U - a +2 dagger of electrocution
Missiles
 q - a throwing net
 u - 24 poisoned darts
 y - 395 stones
 E - 2 curare-tipped darts
Armour
 a - a +1 robe (worn)
Magical Staves
 f - a staff of poison (weapon)
Jewellery
 g - a +4 ring of protection (left hand)
 t - a +6 ring of intelligence (right hand)
 B - a ring of willpower
 H - an amulet of guardian spirit
 I - a ring of fire
 K - a ring of protection from cold
 O - a ring of willpower
 P - a ring of wizardry
Wands
 e - a wand of polymorph (18)
 C - a wand of flame (18)
 M - a wand of digging (3)
 V - a wand of iceblast (7)
Scrolls
 c - a scroll of enchant armour
 h - 3 scrolls of teleportation
 l - a scroll of amnesia
 r - a scroll of immolation
 v - 3 scrolls of blinking {unknown}
 x - 3 scrolls of fog {unknown}
 D - 2 scrolls of silence {unknown}
 L - a scroll of torment {unknown}
 N - a scroll of summoning
 Q - a scroll of magic mapping
 R - a scroll of vulnerability
 S - a scroll of brand weapon {unknown}
Potions
 b - 3 potions of degeneration
 d - 2 potions of resistance
 i - a potion of berserk rage
 j - 6 potions of curing
 k - 3 potions of magic {unknown}
 m - a potion of ambrosia
 n - a potion of cancellation {unknown}
 o - a potion of invisibility
 p - a potion of lignification
 s - 3 potions of heal wounds
 w - 3 potions of might
 z - a potion of brilliance
 A - 3 potions of haste
 F - a potion of mutation {unknown}
 J - a potion of attraction {unknown}
 T - a potion of flight {unknown}


   Skills:
 - Level 5.0 Fighting
 - Level 1.0 Throwing
 - Level 5.0 Dodging
 - Level 5.0 Stealth
 + Level 5.0 Spellcasting
 + Level 3.0 Conjurations
 - Level 1.0 Fire Magic
 + Level 14.0 Air Magic
 + Level 0.0 Evocations


You had 11 spell levels left.
You knew the following spells:

 Your Spells              Type           Power      Damage    Failure   Level
a - Shock                 Conj/Air       100%       1d9       1%          1
b - Airstrike             Air            33%        N/A       1%          4
c - Conjure Flame         Conj/Fire      16%        6-21      11%         3

Your spell library contained the following spells:

 Spells                   Type           Power      Damage    Failure   Level
 Corpse Rot               Necr/Air       N/A        N/A       1%          2
 Static Discharge         Conj/Air       48%        N/A       1%          2
 Swiftness                Air            66%        N/A       1%          3
 Foxfire                  Conj/Fire      64%        2x1d7     3%          1
 Sandblast                Erth           12%        2d6       9%          1
 Passwall                 Tmut/Erth      5%         N/A       12%         2
 Inner Flame              Hex/Fire       8%         N/A       21%         3
 Frozen Ramparts          Ice            12%        1d3       24%         3
 Dispel Undead            Necr           6%         3d8       63%         4
 Ice Form                 Ice/Tmut       6%         N/A       63%         4
 Summon Ice Beast         Ice/Summ       6%         N/A       63%         4
 Lee's Rapid Deconstruct  Erth           3%         3d6*      92%         5
 Death Channel            Necr           3%         N/A       100%        6
 Borgnjor's Revivificati  Necr           3%         N/A       100%        8
 Necromutation            Tmut/Necr      3%         N/A       100%        8
 Death's Door             Necr           3%         N/A       100%        9


Dungeon Overview and Level Annotations

Branches:
Dungeon (9/15)             Temple (1/1) D:7           Sewer (visited)
   Lair: D:8-11         Orc: D:9-12

Altars:
Cheibriados
Dithmenos
Elyvilon
Fedhas
Gozag
Hepliaklqana
Kikubaaqudgha
Makhleb
Nemelex Xobeh
Okawaru
Qazlal
Ru
Sif Muna
Trog
Uskayaw
Vehumet
Wu Jian
Xom
Yredelemnul
Zin
The Shining One

Shops:
D:1 !   D:6 *:*


Innate Abilities, Weirdness & Mutations

You have a beak for a mouth.
You have claws for feet.
Your magical nature lets you fly swiftly and evasively.


Message History

You fly downwards.
The vampire hits you!
The vampire bites you but does no damage.
There is a stone staircase leading up here.
Casting: Airstrike (safe; 1% risk of failure)
Confirm with . or Enter, or press ? or * to list all spells.
Aiming: Airstrike (safe; 1% risk of failure)
Press: ? - help, Dir - move target, f - vampire
Aim: a vampire The air twists around and strikes the vampire!
The vampire is moderately damaged.
The vampire barely misses you. The vampire bites you!
The vampire draws strength from your injuries!
Casting: Airstrike (safe; 1% risk of failure)
Confirm with . or Enter, or press ? or * to list all spells.
Aiming: Airstrike (safe; 1% risk of failure)
Press: ? - help, Dir - move target, f/p - vampire
Aim: a vampire (lightly damaged)
The air twists around and strikes the vampire!
The vampire is heavily damaged.
The vampire draws life force from you.
The vampire is healed by the life force!
Casting: Airstrike (safe; 1% risk of failure)
Confirm with . or Enter, or press ? or * to list all spells.
Aiming: Airstrike (safe; 1% risk of failure)
Press: ? - help, Dir - move target, f/p - vampire
Aim: a vampire (moderately damaged)
The air twists around and strikes the vampire!
The vampire is severely damaged.
The vampire draws life force from you!!
* * * LOW HITPOINT WARNING * * *
The vampire is healed by the life force!
Casting: Airstrike (safe; 1% risk of failure)
Confirm with . or Enter, or press ? or * to list all spells.
Aiming: Airstrike (safe; 1% risk of failure)
Press: ? - help, Dir - move target, f/p - vampire
Aim: a vampire (moderately damaged)
The air twists around and strikes the vampire!
The vampire is severely damaged.
The vampire draws life force from you!
You die...

########## #>........
#.........
#############..V......
.........:.##.@<......
...........##.........
............#.........
......................
>..........#..........
#######'#####.........
#.## ######.... #..#
### .### #########)###
#.. .


You could see a vampire.

Vanquished Creatures
  Pikel (D:6)
  Joseph (D:7)
  A steam dragon (D:8)
  Menkaure (D:6)
  Edmund (D:6)
  A water moccasin (D:5)
  A hornet zombie (D:6)
  3 orc warriors
  2 sky beasts (D:6)
  3 ogres
  A necrophage (D:8)
  4 lemures (D:6)
  2 centaurs
  4 kobold brigands
  A bullfrog (D:9)
  2 scorpions
  A water moccasin skeleton (D:5)
  2 howler monkeys
  6 jellies
  6 hounds
  3 orc priests (D:8)
  A centaur skeleton (D:6)
  4 bullfrog skeletons
  Terence (D:1)
  4 iguanas
  4 orc wizards
  A howler monkey zombie (D:5)
  9 adders
  5 gnolls
  3 river rats (Sewer)
  2 white imps
  An ufetubus (D:5)
  A worm (D:4)
  6 dart slugs (D:5)
  22 orcs
  8 endoplasms
  3 giant cockroaches
  6 hobgoblins
  17 jackals
  26 kobolds
  6 quokkas
  10 ball pythons
  5 bats
  8 frilled lizards
  8 goblins
  27 rats
235 creatures vanquished.

Notes
Turn   | Place    | Note
-------+----------+-------------------------------------------
     0 | D:1      | quinnr the Tengu Air Elementalist began the quest for the
                  | Orb.
     0 | D:1      | Reached XP level 1. HP: 10/10 MP: 4/4
   160 | D:1      | Reached skill level 1 in Fighting
   160 | D:1      | Reached XP level 2. HP: 16/16 MP: 0/6
   253 | D:1      | Found Tuurid's Distillery.
   261 | D:1      | Bought a potion of degeneration for 10 gold pieces
   559 | D:1      | Reached XP level 3. HP: 20/20 MP: 5/8
  1586 | D:2      | Noticed Terence
  1766 | D:1      | quinnr: ??flail
  1766 | D:1      | beem: flail[1/1]: (maces & flails; +0 acc / 10 dam / 1.4
                  | base delay / 0.7 min delay). A mace with a short chain
                  | connecting the head to the haft.
  1803 | D:1      | Killed Terence
  1804 | D:1      | Reached XP level 4. HP: 9/25 MP: 5/9
  2150 | D:2      | Learned a level 3 spell: Conjure Flame
  3144 | D:3      | Found a sacrificial altar of Ru.
  3189 | D:3      | Gained mutation: Your magical nature lets you fly swiftly
                  | and evasively. [Tengu growth]
  3189 | D:3      | Reached XP level 5. HP: 29/29 MP: 5/10
  3354 | D:3      | Found a hazy altar of Hepliaklqana.
  3355 | D:3      | Found a shimmering altar of Xom.
  3356 | D:3      | Noticed a spectral ugly thing
  3471 | D:4      | Reached skill level 5 in Air Magic
  3667 | D:3      | Learned a level 4 spell: Airstrike
  3917 | D:1      | Bought a potion of heal wounds for 50 gold pieces
  3917 | D:1      | Bought a potion of curing for 30 gold pieces
  4398 | D:3      | Found a faded altar of an unknown god.
  4855 | D:4      | Reached XP level 6. HP: 34/34 MP: 5/11
  4859 | D:4      | Reached skill level 1 in Fire Magic
  4968 | D:4      | Reached skill level 1 in Throwing
  4968 | D:4      | Reached skill level 6 in Air Magic
  4977 | D:4      | Found a snail-covered altar of Cheibriados.
  5046 | D:4      | Reached skill level 7 in Air Magic
  5151 | D:5      | Entered Level 5 of the Dungeon
  5199 | D:5      | Found a glowing drain.
  5258 | Sewer    | Entered a sewer
  5504 | Sewer    | Reached skill level 8 in Air Magic
  5504 | Sewer    | Reached XP level 7. HP: 38/38 MP: 4/12
  5913 | Sewer    | Reached skill level 9 in Air Magic
  6853 | D:5      | Reached skill level 10 in Air Magic
  6853 | D:5      | Reached XP level 8. HP: 43/43 MP: 4/13
  7117 | D:5      | Reached skill level 11 in Air Magic
  7930 | D:6      | Reached skill level 12 in Air Magic
  7999 | D:6      | Noticed Menkaure
  8007 | D:6      | Killed Menkaure
  8166 | D:6      | Noticed Edmund
  8168 | D:6      | Noticed Pikel
  8631 | D:6      | Reached XP level 9. HP: 48/48 MP: 10/15
  8696 | D:6      | Killed Edmund
  9165 | D:6      | Found Tysoelyps's General Store.
  9171 | D:6      | Bought a potion of might for 52 gold pieces
  9171 | D:6      | Bought a scroll of identify for 26 gold pieces
  9429 | D:6      | Found Rostroo's Assorted Antiques.
  9437 | D:6      | Bought a murky blue potion for 25 gold pieces
  9443 | D:6      | Found Masafy's Book Shop.
  9967 | D:6      | Found an opulent altar of Gozag.
 10100 | D:7      | Found a staircase to the Ecumenical Temple.
 10100 | D:7      | Noticed Joseph
 10155 | D:7      | HP: 4/51 [Joseph (12)]
 10158 | D:7      | Killed Joseph
 10159 | D:7      | Reached skill level 5 in Dodging
 10159 | D:7      | Reached skill level 5 in Stealth
 10173 | Temple   | Entered the Ecumenical Temple
 10795 | D:7      | Found a shimmering blue altar of Sif Muna.
 10866 | D:7      | Reached skill level 5 in Spellcasting
 11512 | D:8      | Reached skill level 5 in Fighting
 12013 | D:8      | Reached XP level 10. HP: 59/59 MP: 9/18
 12145 | D:8      | Found a basalt altar of Yredelemnul.
 12539 | D:9      | Found a radiant altar of Vehumet.
 12545 | D:9      | Became a worshipper of Vehumet
 12787 | D:6      | Reached skill level 13 in Air Magic
 12884 | D:6      | Found Tysoelyps's General Store.
 12976 | D:6      | Killed Pikel
 14004 | D:6      | Bought 2 scrolls labelled PUIHIRGH URRAF for 56 gold pieces
 14004 | D:6      | Bought a scroll labelled TOON MEIPP for 28 gold pieces
 14004 | D:6      | Bought a pink potion for 25 gold pieces
 14316 | D:9      | Reached skill level 14 in Air Magic
 14409 | D:9      | HP: 1/59 [something (10)]
 14611 | D:9      | Killed from afar by a vampire

Illustrated notes

Levels and vault maps discovered:
D:1:      mainiacjoe_arrival_reflecting_pool, layout_loops_corners,
          serial_shops, nicolae_shop_crystal, minmay_misc_feat_diagonals
D:2:      layout_basic, uniq_terence
D:3:      layout_loops_ring, regret_index_temple_of_mockery,
          nicolae_ru_awakened_eye, hellmonk_ecumenical_altar_blasted,
          minivault_27
D:4:      layout_cave_pools, kennysheep_little_box
D:5:      kennysheep_slugbush, layout_rooms, cheibrodos_sewer_entry_drain,
          st_stairs_2
D:6:      layout_basic, lemuel_coloured_pillars_altar, serial_shops, shop,
          nicolae_square_shop, nicolae_shop_window_shopping,
          small_statue_intersection, eino_tiny_chamber, st_stairs_11,
          lightli_orcish_oven, uniq_pikel, uniq_edmund, uniq_menkaure
D:7:      layout_gridville, kennysheep_mini, temple_doors_e,
          roderic_roman_lattice, chequers_serial_rivers_small_a, uniq_joseph
D:8:      layout_rooms, mainiacjoe_overflow_boulevard
D:9:      layout_roguey, mainiacjoe_overflow_catch_the_wave,
          ebering_ghost_disaster_area, minmay_starry_boxes
Temple:   dshaligram_water_room_temple

Skill      XL: |  1  2  3  4  5  6  7  8  9 10 |
---------------+-------------------------------+-----
Fighting       | 1 2 5 |  5.0
Spellcasting   | 3 5 |  5.0
Dodging        | 3 5 |  5.0
Conjurations   | 2 3 |  3.0
Stealth        | 3 5 |  5.0
Air Magic      | 5 8 10 12 14 | 14.0
Fire Magic     | 1 |  1.0
Throwing       | 1 |  1.0

Action                   |  1- 3 |  4- 6 |  7- 9 | 10-12 || total
-------------------------+-------+-------+-------+-------++-------
Melee: Staff             |     6 |    27 |    28 |    18 ||    79
       Kick              |     1 |     4 |     6 |     3 ||    14
       Peck              |     1 |     2 |     2 |     4 ||     9
       Flail             |       |       |       |     4 ||     4
Throw: Dart              |       |       |     6 |       ||     6
 Cast: Shock             |    82 |   145 |   282 |    47 ||   556
       Airstrike         |       |     4 |    40 |    20 ||    64
       Conjure Flame     |       |     1 |     8 |       ||     9
Evoke: Wand              |       |       |     4 |       ||     4
  Use: Scroll            |       |     9 |     5 |       ||    14
       Potion            |       |       |     1 |     1 ||     2
Armor: Robe              |     9 |    17 |    19 |    10 ||    55
Dodge: Dodged            |    18 |    64 |   124 |    31 ||   237

Table legend: (Time is in decaauts)
 A = Elapsed time spent in this place.
 B = Non-inter-level travel time spent in this place.
 C = Inter-level travel time spent in this place.
 D = Time resting spent in this place.
 E = Time spent auto-exploring this place.
 F = Levels seen in this place.
 G = Mean time per level.
                   A        B        C        D        E       F      G
               +--------+--------+--------+--------+--------+-----+--------+
         Total |  14100 |  13314 |    786 |   2481 |   9118 |  11 | 1281.8 |
       Dungeon |  12518 |  11755 |    763 |   2021 |   8261 |   9 | 1390.9 |
        Temple |    354 |    332 |     22 |    269 |     62 |   1 |  354.0 |
         Sewer |   1227 |   1227 |      0 |    191 |    795 |   1 | 1227.0 |
               +--------+--------+--------+--------+--------+-----+--------+

Top non-repeatable levels by time:
     D:6: 2375 daAuts
     D:1: 1939 daAuts
     D:3: 1737 daAuts
     D:5: 1654 daAuts
     D:7: 1390 daAuts
   Sewer: 1227 daAuts
     D:2: 1100 daAuts
     D:8: 1049 daAuts
     D:4: 1027 daAuts
  Temple: 354 daAuts
     D:9: 244 daAuts
